 Dungeon Sprint DCSS version 0.17.0-24-gcfadda4 (webtiles) character file.

42234 Kidiri the Unseen (level 13, -1/68 HPs)
             Began as a Spriggan Enchanter on Nov 17, 2015.
             Was the Champion of Dithmenos.
             Killed by divine providence
             ... invoked by a deep elf priest
              (13 damage)
             ... in the Dungeon (Sprint III: "The Ten Rune Challenge").
             The game lasted 00:14:23 (2756 turns).

Kidiri the Unseen (Spriggan Enchanter)              Turns: 2756, Time: 00:14:23

Health: -1/68      AC:  7    Str:  4    XL:     13   Next: 14%
Magic:  34/43      EV: 35    Int: 24    God:    Dithmenos [******]
Gold:   2552       SH:  0    Dex: 19    Spells: 5 memorised, 31 levels left

rFire  + . .     SeeInvis +     n - +0 dagger (venom)
rCold  . . .     Clarity  .     a - +2 robe {rF+}
rNeg   . . .     SustAt   .     (shield restricted)
rPois  .         Gourm    .     r - +3 hat of Pondering {ponderous, MR+ MP+10 Int+5}
rElec  .         Spirit   .     (no cloak)
rCorr  .         Warding  .     (gloves unavailable)
rMut   .         NoTele   +     (boots unavailable)
MR     +++..                    (no amulet)
Stlth  ++++++++++               (no ring)
                                (no ring)

@: lethally poisoned (-1 -> -2), wreathed by umbra, very quick, extremely
resistant to hostile enchantments, uncannily stealthy
A: unfitting armour, see invisible, herbivore 3, speed 3, slow metabolism 2
a: Shadow Step, Shadow Form, Renounce Religion
}: 1/10 runes: barnacled


You were in the Dungeon.
You worshipped Dithmenos.
Dithmenos was exalted by your worship.
You were not hungry.

You visited 1 branch You collected 2552 gold pieces.

Inventory:

Hand Weapons
 n - a +0 dagger of venom (weapon)
Missiles
 w - 5 tomahawks (quivered)
Armour
 a - a +2 robe of fire resistance (worn)
 r - the +3 hat of Pondering (worn) {ponderous, MR+ MP+10 Int+5}
   (You took it off Gastronok in the Dungeon)

   It affects your intelligence (+5).
   It affects your resistance to hostile enchantments.
   It affects your magic capacity (+10).
Scrolls
 j - a scroll of blinking
 m - a scroll of torment
 t - a scroll of remove curse {unknown}
Potions
 c - a potion of might
 e - 4 potions of curing
 f - 2 potions of heal wounds
 g - a potion of haste
 h - 2 potions of magic
 i - a potion of lignification {unknown}
 k - 2 potions of ambrosia
 l - 2 potions of agility {unknown}
 p - a potion of cure mutation
 q - 4 potions of flight
Comestibles
 b - 5 fruits
 d - 2 bread rations
 o - 24 royal jellies


   Skills:
 + Level 8.3 Fighting
 * Level 14.7 Short Blades
 + Level 7.3 Armour
 * Level 18.2 Dodging
 * Level 19.9 Stealth
 * Level 15.8 Spellcasting
 + Level 7.3 Conjurations
 + Level 12.1 Hexes
 + Level 8.1 Ice Magic
 + Level 9.2 Invocations


You had 31 spell levels left.
You knew the following spells:

 Your Spells              Type           Power        Failure   Level  Hunger
a - Corona                Hex            ######.      1%          1    None
b - Ensorcelled Hibernat  Hex/Ice        ######       1%          2    None
c - Confuse               Hex            ######..     1%          3    None
d - Tukima's Dance        Hex            ######..     1%          3    None
e - Dazzling Spray        Conj/Hex       ######..     1%          3    None


Dungeon Overview and Level Annotations

Branches:
Dungeon (1/1)

Altars:
Cheibriados
Dithmenos
Elyvilon
Fedhas
Gozag
Kikubaaqudgha
Makhleb
Nemelex Xobeh
Okawaru
Qazlal
Ru
Sif Muna
Trog
Vehumet
Xom
Yredelemnul
Zin
The Shining One
Jiyva
Lugonu

Shops:
D :!(*[%}


Innate Abilities, Weirdness & Mutations

You are tiny and cannot use many weapons and most armour.
You have supernaturally acute eyesight.
You are a herbivore.
You cover ground extremely quickly.
You need consume almost no food.


Message History

Press: ? - help, Shift-Dir - straight line, f - deep elf summoner
Aim: a deep elf summoner, wielding a rapier (umbra, chance to defeat MR: 29%)
The deep elf summoner easily resists.
Your shadow mimicks your spell!
The deep elf summoner resists with almost no effort.
The deep elf summoner completely misses you.
Casting: Confuse
Confirm with . or Enter, or press ? or * to list all spells.
Aiming: Dazzling Spray
Press: ? - help, Shift-Dir - straight line, f/p - deep elf summoner
Aim: a deep elf summoner, wielding a rapier (umbra)
The spray of energy hits the deep elf summoner.
The deep elf summoner is moderately wounded.
The deep elf summoner is dazzled.
Your shadow mimicks your spell!
The shadow shard hits the deep elf summoner.
The deep elf summoner completely misses you.
The deep elf priest calls down the wrath of its god upon you.
Something smites you!
You die...

▓▓▓▓▓▓▓▓▓ #######.##.##.########
[#__#...#∩#....).#...# e
)#._#.........##.#...##≈≈
##+##.........##@#...≈≈≈2
....#÷÷........#e#)..##≈
....#)##.##.####e')..#
###'#.####.## #######
#...#'###########################
#...#.§≈≈§+.#.+...+.#.#.#.+...≈≈#
#...#.#≈§≈#.#.#...##.#.#.##...≈≈#
#...'.#.§§#.#.#)..#.#.#.#.#...≈≈≈
+...#.#§§§#...#)).##.#.#.##...≈≈≈


You could see a deep elf summoner (blind) and a deep elf priest.

Vanquished Creatures
  Rupert (D)
  Polyphemus (D)
  Gastronok (D)
  Ilsuiw (D)
  Maud (D)
  2 dire elephants (D)
  A merfolk javelineer (D)
  Josephine (D)
  2 hydras (D)
  A centaur warrior (D)
  4 death yaks (D)
  An orc high priest (D)
  A death drake (D)
  2 unseen horrors (D)
  A spriggan druid (D)
  A sea snake (D)
  A lindwurm (D)
  A deep elf conjurer (D)
  2 black mambas (D)
  2 elephants (D)
  2 spiny frogs (D)
  A komodo dragon (D)
  A queen bee (D)
  3 deep elf priests (D)
  A fire drake (D)
  3 wandering mushrooms (D)
  8 blink frogs (D)
  3 redbacks (D)
  2 spriggans (D)
  A shadow (D)
  A spatial vortex (D)
  3 orc warriors (D)
  3 swamp drakes (D)
  A necrophage (D)
  2 centaurs (D)
  An earth elemental (D)
  2 brain worms (D)
  A water elemental (D)
  32 killer bees (D)
  An electric eel (D)
  A jelly (D)
  An orc priest (D)
  A wolf (D)
  Jessica (D)
  A necromancer (D)
  5 orc wizards (D)
  3 sheep (D)
  A wizard (D)
  A kobold demonologist (D)
  3 humans (D)
  8 orcs (D)
  3 rats (D)
  2 plants (D)
131 creatures vanquished.

Vanquished Creatures (others)
  2 draconian scorchers (D)
  2 yaktaurs (D)
4 creatures vanquished.

Grand Total: 135 creatures vanquished

Notes
Turn   | Place    | Note
--------------------------------------------------------------
     0 | D        | Kidiri the Spriggan Enchanter began the quest for the Orb.
     0 | D        | Reached XP level 1. HP: 9/9 MP: 5/5
    28 | D        | Noticed Jessica
    32 | D        | Killed Jessica
    32 | D        | Reached skill level 1 in Fighting
    32 | D        | Reached skill level 6 in Stealth
    32 | D        | Reached XP level 2. HP: 12/14 MP: 5/7
    36 | D        | Learned a level 2 spell: Ensorcelled Hibernation
    73 | D        | Reached skill level 1 in Armour
    91 | D        | Noticed a wolf
    94 | D        | Killed a wolf
    94 | D        | Reached skill level 5 in Dodging
    94 | D        | Reached XP level 3. HP: 18/18 MP: 7/9
   118 | D        | Learned a level 3 spell: Dazzling Spray
   138 | D        | Reached skill level 7 in Stealth
   138 | D        | Reached XP level 4. HP: 15/23 MP: 0/11
   143 | D        | Learned a level 3 spell: Confuse
   147 | D        | Learned a level 3 spell: Tukima's Dance
   227 | D        | Killed a white draconian scorcher
   228 | D        | Killed a white draconian scorcher
   258 | D        | Killed a yaktaur
   272 | D        | Gained mutation: You can translocate small distances at will. [potion of mutation]
   272 | D        | Gained mutation: You are weak. (Str -2) [potion of mutation]
   272 | D        | Lost mutation: You are weak. (Str -2) [potion of mutation]
   273 | D        | Gained mutation: Your magical capacity is low (-10% MP). [potion of mutation]
   273 | D        | Gained mutation: You are frail (-10% HP). [potion of mutation]
   274 | D        | Lost mutation: You are frail (-10% HP). [potion of cure mutation]
   274 | D        | Lost mutation: Your magical capacity is low (-10% MP). [potion of cure mutation]
   274 | D        | Lost mutation: You can translocate small distances at will. [potion of cure mutation]
   316 | D        | Noticed a water elemental
   319 | D        | Killed a water elemental
   319 | D        | Reached skill level 5 in Spellcasting
   319 | D        | Reached skill level 1 in Conjurations
   319 | D        | Reached skill level 5 in Hexes
   319 | D        | Reached skill level 1 in Ice Magic
   330 | D        | Noticed a jelly
   331 | D        | Noticed a shadow
   333 | D        | Killed a shadow
   333 | D        | Reached skill level 5 in Short Blades
   333 | D        | Reached skill level 9 in Stealth
   333 | D        | Reached XP level 5. HP: 27/27 MP: 13/15
   333 | D        | Reached XP level 6. HP: 32/32 MP: 13/16
   338 | D        | Killed a jelly
   358 | D        | Found a stormy altar of Qazlal.
   359 | D        | Found a sacrificial altar of Ru.
   359 | D        | Found a burning altar of Makhleb.
   359 | D        | Found a viscous altar of Jiyva.
   359 | D        | Found a shimmering altar of Xom.
   359 | D        | Found a shadowy altar of Dithmenos.
   359 | D        | Found a sparkling altar of Nemelex Xobeh.
   359 | D        | Found a corrupted altar of Lugonu.
   359 | D        | Found an opulent altar of Gozag.
   359 | D        | Noticed a spatial vortex
   363 | D        | Became a worshipper of Dithmenos the Shadowed
   364 | D        | Killed a spatial vortex
   364 | D        | Reached skill level 10 in Stealth
   364 | D        | Reached skill level 1 in Invocations
   389 | D        | Found a radiant altar of Vehumet.
   390 | D        | Found a deep blue altar of Sif Muna.
   390 | D        | Found an ancient bone altar of Kikubaaqudgha.
   390 | D        | Noticed a wizard
   391 | D        | Killed a wizard
   401 | D        | Killed a yaktaur
   412 | D        | Found a glowing silver altar of Zin.
   413 | D        | Found a glowing golden altar of the Shining One.
   413 | D        | Found a white marble altar of Elyvilon.
   413 | D        | Noticed a deep elf priest
   415 | D        | Killed a deep elf priest
   415 | D        | Reached * piety under Dithmenos
   415 | D        | Reached XP level 7. HP: 36/36 MP: 17/19
   432 | D        | Found an iron altar of Okawaru.
   433 | D        | Found a bloodstained altar of Trog.
   433 | D        | Noticed a human
   433 | D        | Noticed a human
   435 | D        | Killed a human
   435 | D        | Reached skill level 11 in Stealth
   444 | D        | Killed a human
   444 | D        | Reached skill level 10 in Dodging
   528 | D        | Found a snail-covered altar of Cheibriados.
   528 | D        | Noticed a necrophage
   529 | D        | Found a basalt altar of Yredelemnul.
   529 | D        | Found a blossoming altar of Fedhas.
   529 | D        | Noticed a necromancer
   530 | D        | Killed a necrophage
   530 | D        | Reached ** piety under Dithmenos
   530 | D        | Reached XP level 8. HP: 42/42 MP: 21/21
   531 | D        | Killed a necromancer
   554 | D        | Noticed Josephine
   556 | D        | Killed Josephine
   556 | D        | Reached skill level 12 in Stealth
   574 | D        | Noticed an earth elemental
   617 | D        | Killed an earth elemental
   775 | D        | Noticed a centaur
   775 | D        | Noticed a centaur warrior
   775 | D        | Noticed a centaur
   777 | D        | Killed a centaur
   777 | D        | Reached skill level 10 in Spellcasting
   779 | D        | Killed a centaur warrior
   779 | D        | Reached skill level 13 in Stealth
   779 | D        | Reached XP level 9. HP: 46/46 MP: 18/24
   780 | D        | Killed a centaur
   780 | D        | Reached *** piety under Dithmenos
   819 | D        | Noticed an unseen horror
   819 | D        | Noticed an unseen horror
   820 | D        | Killed an unseen horror
   824 | D        | Killed an unseen horror
   824 | D        | Reached skill level 5 in Fighting
   824 | D        | Reached skill level 10 in Short Blades
   824 | D        | Reached skill level 14 in Stealth
   824 | D        | Reached skill level 5 in Invocations
   842 | D        | Noticed a killer bee
   842 | D        | Noticed a killer bee
   842 | D        | Noticed a killer bee
   842 | D        | Noticed a killer bee
   842 | D        | Noticed a killer bee
   842 | D        | Noticed a killer bee
   842 | D        | Noticed a killer bee
   842 | D        | Noticed a killer bee
   842 | D        | Noticed a killer bee
   842 | D        | Noticed a queen bee
   842 | D        | Noticed a killer bee
   842 | D        | Noticed a killer bee
   842 | D        | Noticed a killer bee
   842 | D        | Noticed a killer bee
   842 | D        | Noticed a killer bee
   843 | D        | Noticed a killer bee
   843 | D        | Noticed a killer bee
   843 | D        | Noticed a killer bee
   843 | D        | Noticed a killer bee
   843 | D        | Noticed a killer bee
   843 | D        | Noticed a killer bee
   843 | D        | Noticed a killer bee
   843 | D        | Noticed a killer bee
   843 | D        | Noticed a killer bee
   843 | D        | Noticed a killer bee
   843 | D        | Noticed a killer bee
   843 | D        | Noticed a killer bee
   843 | D        | Noticed a killer bee
   843 | D        | Noticed a killer bee
   843 | D        | Noticed a killer bee
   843 | D        | Noticed a killer bee
   843 | D        | Noticed a killer bee
   843 | D        | Noticed a killer bee
   848 | D        | Killed a killer bee
   848 | D        | Reached skill level 5 in Ice Magic
   854 | D        | Killed a killer bee
   854 | D        | Reached **** piety under Dithmenos
   856 | D        | Killed a killer bee
   856 | D        | Reached XP level 10. HP: 51/51 MP: 14/26
   862 | D        | Killed a killer bee
   864 | D        | Killed a killer bee
   866 | D        | Killed a killer bee
   868 | D        | Killed a killer bee
   870 | D        | Killed a killer bee
   870 | D        | Reached ***** piety under Dithmenos
  1000 | D        | Killed a killer bee
  1002 | D        | Killed a killer bee
  1004 | D        | Killed a killer bee
  1006 | D        | Killed a killer bee
  1008 | D        | Killed a killer bee
  1010 | D        | Killed a killer bee
  1012 | D        | Killed a killer bee
  1014 | D        | Killed a killer bee
  1017 | D        | Killed a killer bee
  1019 | D        | Killed a killer bee
  1023 | D        | Killed a killer bee
  1149 | D        | Killed a killer bee
  1151 | D        | Killed a killer bee
  1151 | D        | Reached ****** piety under Dithmenos
  1154 | D        | Killed a killer bee
  1156 | D        | Killed a killer bee
  1158 | D        | Killed a killer bee
  1160 | D        | Killed a killer bee
  1164 | D        | Killed a killer bee
  1166 | D        | Killed a killer bee
  1168 | D        | Killed a killer bee
  1170 | D        | Killed a killer bee
  1172 | D        | Killed a killer bee
  1174 | D        | Killed a killer bee
  1176 | D        | Killed a killer bee
  1188 | D        | Killed a queen bee
  1375 | D        | Noticed a wandering mushroom
  1377 | D        | Noticed a wandering mushroom
  1377 | D        | Noticed a wandering mushroom
  1378 | D        | Killed a wandering mushroom
  1380 | D        | Killed a wandering mushroom
  1380 | D        | Reached skill level 15 in Stealth
  1381 | D        | Killed a wandering mushroom
  1381 | D        | Reached skill level 5 in Armour
  1428 | D        | Noticed a spiny frog
  1428 | D        | Noticed a komodo dragon
  1428 | D        | Noticed a spiny frog
  1431 | D        | Killed a spiny frog
  1431 | D        | Reached skill level 5 in Conjurations
  1433 | D        | Killed a komodo dragon
  1434 | D        | Killed a spiny frog
  1435 | D        | Noticed a redback
  1437 | D        | Killed a redback
  1438 | D        | Noticed a brain worm
  1442 | D        | Killed a brain worm
  1448 | D        | Noticed a brain worm
  1450 | D        | Killed a brain worm
  1456 | D        | Noticed a lindwurm
  1458 | D        | Noticed a redback
  1459 | D        | Killed a lindwurm
  1461 | D        | Killed a redback
  1461 | D        | Reached XP level 11. HP: 56/56 MP: 28/28
  1466 | D        | Noticed a redback
  1467 | D        | Killed a redback
  1468 | D        | Noticed Maud
  1470 | D        | Killed Maud
  1470 | D        | Reached skill level 16 in Stealth
  1478 | D        | Noticed an electric eel
  1479 | D        | Noticed a five-headed hydra
  1479 | D        | Noticed an eight-headed hydra
  1482 | D        | Killed an electric eel
  1487 | D        | Killed a five-headed hydra
  1487 | D        | Reached skill level 15 in Dodging
  1492 | D        | Killed an eight-headed hydra
  1492 | D        | Reached skill level 10 in Hexes
  1601 | D        | Noticed a death drake
  1603 | D        | Killed a death drake
  1613 | D        | Found a blossoming altar of Fedhas.
  1613 | D        | Noticed a spriggan
  1613 | D        | Noticed a spriggan druid
  1613 | D        | Noticed a spriggan
  1615 | D        | Killed a spriggan druid
  1616 | D        | Killed a spriggan
  1617 | D        | Killed a spriggan
  1653 | D        | Noticed Polyphemus
  1654 | D        | Noticed a sea snake
  1654 | D        | Noticed Ilsuiw
  1654 | D        | Found Yjitt's Antique Armour Emporium.
  1655 | D        | Killed Polyphemus
  1655 | D        | Reached skill level 17 in Stealth
  1661 | D        | Killed Ilsuiw
  1705 | D        | Found Ypsag's Food Shop.
  1705 | D        | Found Aghosot's Gadget Shoppe.
  1705 | D        | Noticed a merfolk javelineer
  1707 | D        | Killed a sea snake
  1778 | D        | Killed a merfolk javelineer
  1778 | D        | Reached XP level 12. HP: 63/63 MP: 26/31
  1796 | D        | Got a barnacled rune of Zot
  1876 | D        | Noticed a swamp drake
  1876 | D        | Noticed a fire drake
  1877 | D        | Killed a fire drake
  1879 | D        | Killed a swamp drake
  1885 | D        | Noticed a blink frog
  1885 | D        | Noticed a blink frog
  1886 | D        | Noticed a blink frog
  1886 | D        | Noticed a blink frog
  1889 | D        | Noticed a blink frog
  1890 | D        | Killed a blink frog
  1892 | D        | Killed a blink frog
  1892 | D        | Reached skill level 18 in Stealth
  1895 | D        | Killed a blink frog
  1897 | D        | Killed a blink frog
  1899 | D        | Killed a blink frog
  1946 | D        | Noticed Rupert
  1951 | D        | Killed Rupert
  1973 | D        | Noticed a death yak
  1975 | D        | Noticed a death yak
  1975 | D        | Noticed a blink frog
  1976 | D        | Noticed an azure jelly
  1976 | D        | Noticed a death yak
  1976 | D        | Noticed an azure jelly
  1976 | D        | Noticed a blink frog
  1976 | D        | Noticed a death yak
  1977 | D        | Killed a death yak
  1978 | D        | Killed a death yak
  1979 | D        | Killed a blink frog
  1980 | D        | Noticed a blink frog
  1980 | D        | Noticed a black mamba
  1989 | D        | Killed a death yak
  1989 | D        | Reached skill level 15 in Spellcasting
  1995 | D        | Killed a death yak
  1999 | D        | Killed a blink frog
  2004 | D        | Killed a blink frog
  2004 | D        | Reached skill level 19 in Stealth
  2005 | D        | Noticed a black mamba
  2006 | D        | Killed a black mamba
  2007 | D        | Killed a black mamba
  2123 | D        | Noticed a swamp drake
  2125 | D        | Killed a swamp drake
  2128 | D        | Noticed a swamp drake
  2129 | D        | Found Vuphakh's Book Shoppe.
  2129 | D        | Found Xoinagem's Distillery.
  2130 | D        | Killed a swamp drake
  2131 | D        | Found Qytirgh's Antique Weapon Emporium.
  2310 | D        | Noticed an azure jelly
  2310 | D        | Noticed an azure jelly
  2311 | D        | Noticed an elephant
  2311 | D        | Noticed an elephant
  2311 | D        | Noticed a dire elephant
  2311 | D        | Noticed a dire elephant
  2311 | D        | Noticed Gastronok
  2313 | D        | Killed Gastronok
  2314 | D        | Killed a dire elephant
  2316 | D        | Killed a dire elephant
  2321 | D        | Killed an elephant
  2321 | D        | Reached XP level 13. HP: 68/68 MP: 33/33
  2323 | D        | Killed an elephant
  2467 | D        | Noticed an orc wizard
  2468 | D        | Noticed an orc warrior
  2468 | D        | Noticed an orc wizard
  2468 | D        | Noticed an orc wizard
  2468 | D        | Noticed an orc wizard
  2468 | D        | Noticed an orc high priest
  2468 | D        | Noticed an orc priest
  2468 | D        | Noticed an orc warrior
  2468 | D        | Noticed an orc warrior
  2468 | D        | Noticed an orc wizard
  2468 | D        | Found Ecva's General Store.
  2474 | D        | Killed an orc wizard
  2475 | D        | Killed an orc wizard
  2478 | D        | Killed an orc warrior
  2480 | D        | Killed an orc warrior
  2485 | D        | Killed an orc warrior
  2490 | D        | Killed an orc wizard
  2498 | D        | Killed an orc high priest
  2502 | D        | Killed an orc wizard
  2522 | D        | Killed an orc wizard
  2606 | D        | Killed an orc priest
  2696 | D        | Noticed a deep elf priest
  2696 | D        | Noticed a deep elf conjurer
  2696 | D        | Noticed a deep elf summoner
  2696 | D        | Noticed a deep elf priest
  2696 | D        | Noticed a deep elf priest
  2701 | D        | Noticed a deep elf demonologist
  2703 | D        | Killed a deep elf conjurer
  2705 | D        | Killed a deep elf priest
  2706 | D        | Noticed a reaper
  2753 | D        | Killed a deep elf priest
  2756 | D        | Killed from afar by a deep elf priest

Action                   |  1- 3 |  4- 6 |  7- 9 | 10-12 | 13-15 || total
-------------------------+-------+-------+-------+-------+-------++-------
Melee: Dagger            |    24 |     7 |    52 |   193 |    47 ||   323
 Cast: Ensorcelled Hiber |     3 |       |     8 |    40 |     8 ||    59
       Dazzling Spray    |     1 |       |     8 |    10 |    14 ||    33
       Corona            |     1 |       |       |     1 |       ||     2
       Confuse           |       |       |     1 |       |     4 ||     5
Invok: Shadow Step       |       |       |     1 |    16 |     1 ||    18
  Use: Scroll            |       |     5 |       |       |       ||     5
       Potion            |       |     3 |     1 |       |       ||     4
 Stab: Sleeping          |     3 |     7 |    12 |    74 |     5 ||   101
       Invisible         |     1 |       |       |     4 |     4 ||     9
       Confused          |       |       |     2 |       |     1 ||     3
  Eat: Fruit             |       |       |       |     1 |       ||     1
